 Dungeon Crawl Stone Soup version 0.24.0-37-gcf1ca852f1 (webtiles) character file.

Game seed: 3624050445832419809, levelgen mode: deterministic

9281 grindst0ne the Prestidigitator (level 11, -11/84 HPs)
             Began as a Human Artificer on Dec 5, 2019.
             Was a High Priest of Okawaru (penitent).
             Killed from afar by a frost giant (23 damage)
             ... with a bolt of cold
             ... created by the fury of Okawaru
             ... on level 10 of the Dungeon.
             The game lasted 00:19:08 (9975 turns).

grindst0ne the Prestidigitator (Human Artificer)    Turns: 9975, Time: 00:19:09

Health: -11/84     AC: 16    Str: 16    XL:     11   Next: 71%
Magic:  5/5        EV: 11    Int: 11    God:    Okawaru [*]
Gold:   512        SH:  0    Dex: 18    Spells: 10/10 levels left

rFire    . . .     SeeInvis .   c - +2 dire flail (antimagic)
rCold    . . .     Gourm    .   (shield currently unavailable)
rNeg     . . .     Faith    .   w - +0 chain mail
rPois    .         Spirit   .   A - +2 helmet
rElec    .         Reflect  .   x - +0 cloak
rCorr    .         Harm     .   D - +0 pair of gloves
MR       .....                  (no boots)
Stlth    ..........             u - amulet of regeneration
HPRegen  0.64/turn              o - +4 ring of dexterity
MPRegen  0.09/turn              P - +3 ring of evasion

@: no status effects
A: no striking features
a: Renounce Religion


You were on level 10 of the Dungeon.
You worshipped Okawaru.
Okawaru was demanding penance.
You were not hungry.

You visited 3 branches of the dungeon, and saw 12 of its levels.
You also visited: Ossuary.

You collected 512 gold pieces.

Inventory:

Hand Weapons
 a - a +0 war axe
 c - a +2 antimagic dire flail (weapon)
 l - a +1 whip of draining
Missiles
 T - 5 atropa-tipped darts (quivered)
Armour
 t - a +0 shield
 w - a +0 chain mail (worn)
 x - a +0 cloak (worn)
 y - a +0 buckler
 A - a +2 helmet (worn)
 C - a +0 scale mail
 D - a +0 pair of gloves (worn)
Jewellery
 o - a +4 ring of dexterity (left hand)
 u - an amulet of regeneration (around neck)
 F - an uncursed ring of ice
 N - an uncursed ring of protection from fire
 P - a +3 ring of evasion (right hand)
Wands
 b - a wand of flame (4)
 d - a wand of enslavement (10)
 e - a wand of random effects (10)
 v - a wand of polymorph (7)
 K - a wand of digging (4)
 Q - a wand of paralysis (1)
Scrolls
 h - 5 scrolls of amnesia
 i - 11 scrolls of remove curse {unknown}
 m - 4 scrolls of teleportation
 r - a scroll of magic mapping
 s - 2 scrolls of enchant armour
 G - a scroll of noise {unknown}
 I - a scroll of random uselessness {unknown}
 M - a scroll of silence {unknown}
 R - a scroll of blinking {unknown}
 S - a scroll of acquirement {unknown}
 U - 2 scrolls of fear
Potions
 g - a potion of resistance
 j - 2 potions of magic
 k - a potion of heal wounds
 n - 4 potions of haste
 p - 5 potions of lignification
 q - 3 potions of mutation
 z - 3 potions of curing
 B - a potion of degeneration {unknown}
 E - 3 potions of invisibility {unknown}
 H - a potion of might {unknown}
 J - a potion of cancellation {unknown}
 L - a potion of flight {unknown}
 O - a potion of agility {unknown}
 V - a potion of ambrosia {unknown}
Comestibles
 f - 12 rations
 W - 2 chunks of flesh


   Skills:
 - Level 7.3 Fighting
   Level 1.0 Short Blades
 * Level 8.2 Axes
 + Level 7.9 Armour
 - Level 2.0 Dodging
 - Level 1.0 Stealth
 + Level 7.4 Shields
 + Level 3.0 Invocations
 + Level 8.4 Evocations


You had 10 spell levels left.
You didn't know any spells.
Your spell library contained the following spells:

 Spells                   Type           Power        Failure   Level  Hunger
 Confusing Touch          Hex            #.....       99%         1    ##.....
 Confuse                  Hex            #.......     100%        3    ####...
 Gell's Gravitas          Tloc           #.........   100%        3    ####...
 Petrify                  Tmut/Erth      #.......     100%        4    #####..
 Metabolic Englaciation   Hex/Ice        #.........   100%        5    ######.
 Yara's Violent Unravell  Hex/Tmut       #.........   100%        5    ######.


Dungeon Overview and Level Annotations

Branches:
Dungeon (10/15)            Temple (1/1) D:6            Lair (1/6) D:10
    Orc (0/2) D:10        Ossuary (visited)

Altars:
Ashenzari
Cheibriados
Dithmenos
Elyvilon
Fedhas
Gozag
Hepliaklqana
Kikubaaqudgha
Makhleb
Nemelex Xobeh
Okawaru
Qazlal
Ru
Sif Muna
Trog
Uskayaw
Vehumet
Wu Jian
Xom
Yredelemnul
Zin
The Shining One

Shops:
D:4 =   D:8 *

Annotations:
D:3 exclusion: downstairs
D:4 2 transporters, Meoo's ghost, amateur SpCj


Message History

Okawaru sends forces against you! 2 merfolk, a merfolk impaler, a cyclops and a frost giant come into view.
The frost giant is wielding a +2 battleaxe of freezing.
The merfolk impaler is wielding a +3 trident of flaming.
The cyclops moves out of view.
The merfolk impaler closely misses you.
The frost giant gestures at you while chanting.
The bolt of cold hits you!!!
Ouch! That really hurt!
* * * LOW HITPOINT WARNING * * *
The merfolk barely misses you.
The merfolk impaler hits you but does no damage.
The merfolk hits you but does no damage.
The merfolk hits you but does no damage.
The merfolk impaler hits you from afar with a +3 trident of flaming!
* * * LOW HITPOINT WARNING * * *
The merfolk impaler burns you.
* * * LOW HITPOINT WARNING * * *
The frost giant gestures at you while chanting.
The bolt of cold hits you!!
You die...

.........'.........'.......#
#........#.........####...##
#.#.....#######.....####.##
#.##...## ##.........####
#.###.## ##...........## #.#
### ##..P..........## #.#
#.......>.......# #.#
#....P...÷..P...#
#.########.#..Pm@m.....#.#
#.#........##.....(...##.#
#.#.....#.#####.m...####.#
........#.# #.....### #.#
#.#.....#.####C#########.#
###.............C÷.......#
##.####.####.########### #.#
#.# #.# ####.####.# #.#


You could see a frost giant, a merfolk impaler and 2 merfolk.

Vanquished Creatures
  A two-headed ogre (D:9)
  A spiny frog (D:10)
  A komodo dragon (D:10)
  A troll (D:9)
  A slime creature (D:10)
  5 hippogriffs
  A wyvern (D:9)
  12 yaks
  Eustachio (D:5)
  A hungry ghost (D:8)
  Edmund (D:4)
  A water moccasin (D:8)
  3 sky beasts
  2 black bears
  An eye of draining (D:9)
  2 phantoms
  2 ice beasts (D:5)
  5 ogres
  3 wolves (Lair:1)
  3 centaurs
  2 crocodiles (D:10)
  A big kobold (D:10)
  12 bullfrogs
  A water moccasin zombie (Ossuary)
  2 scorpions
  3 killer bees (D:9)
  A water moccasin skeleton (D:6)
  6 howler monkeys
  3 crimson imps
  A quasit (D:10)
  A hound (D:9)
  3 jellies
  A bullfrog zombie (D:8)
  An orc priest (D:6)
  3 orc wizards
  3 bullfrog skeletons
  2 centaur skeletons
  An iguana (D:10)
  5 worker ants
  A killer bee zombie (D:10)
  6 big kobold zombies (Ossuary)
  A hound zombie (D:5)
  A hound skeleton (D:6)
  2 mummies (Ossuary)
  Robin (D:3)
  A worker ant zombie (D:9)
  6 gnolls
  4 adders
  2 shadow imps
  3 oozes
  4 adder zombies
  3 worms (D:2)
  2 dart slugs
  A leopard gecko (D:10)
  15 orcs
  10 giant cockroaches
  A gnoll zombie (Ossuary)
  13 goblins
  11 hobgoblins
  11 jackals
  9 kobolds
  A quokka (D:4)
  6 bats
  7 frilled lizards
  9 hobgoblin zombies (Ossuary)
  2 kobold zombies (Ossuary)
  A leopard gecko skeleton (D:6)
  9 orc zombies (Ossuary)
  A quokka zombie (D:6)
  3 rats
247 creatures vanquished.

Vanquished Creatures (collateral kills)
  A gnoll (D:3)
1 creature vanquished.

Vanquished Creatures (others)
  2 killer bees (D:9)
  A gnoll (D:3)
3 creatures vanquished.

Grand Total: 251 creatures vanquished

Notes
Turn   | Place    | Note
-------+----------+-------------------------------------------
     0 | D:1      | grindst0ne the Human Artificer began the quest for the Orb.
     0 | D:1      | Reached XP level 1. HP: 15/15 MP: 3/3
   217 | D:1      | Reached XP level 2. HP: 20/21 MP: 4/4
   291 | D:1      | Reached skill level 1 in Armour
   778 | D:1      | Reached XP level 3. HP: 25/27 MP: 5/5
  1359 | D:2      | Reached XP level 4. HP: 24/33 MP: 6/6
  1750 | D:2      | Found a burning altar of Makhleb.
  1759 | D:2      | Found a glowing silver altar of Zin.
  1759 | D:2      | Noticed an angel
  1760 | D:2      | Noticed a blizzard demon
  2174 | D:3      | Reached XP level 5. HP: 39/39 MP: 7/7
  2191 | D:3      | Found a faded altar of an unknown god.
  2311 | D:3      | Found a glowing golden altar of the Shining One.
  2445 | D:3      | Noticed Robin
  2466 | D:3      | Reached skill level 1 in Shields
  2482 | D:3      | Killed Robin
  2841 | D:4      | Reached XP level 6. HP: 42/47 MP: 9/9
  2917 | D:4      | Noticed a phantom
  2966 | D:4      | Killed a phantom
  3015 | D:4      | Reached XP level 7. HP: 29/52 MP: 10/10
  3249 | D:4      | Noticed Edmund
  3269 | D:4      | Killed Edmund
  3290 | D:4      | Found Evvu's Jewellery Emporium.
  3340 | D:4      | Found a transporter.
  3344 | D:4      | Noticed Meoo's ghost (amateur SpCj)
  3371 | D:4      | Found a transporter.
  3491 | D:5      | Entered Level 5 of the Dungeon
  3548 | D:5      | Reached skill level 5 in Evocations
  3788 | D:5      | Reached XP level 8. HP: 60/60 MP: 11/11
  3886 | D:5      | Noticed Eustachio
  3892 | D:5      | Killed Eustachio
  4614 | D:6      | Reached skill level 5 in Fighting
  4789 | D:6      | Reached skill level 5 in Armour
  4816 | D:6      | Found a staircase to the Ecumenical Temple.
  4828 | Temple   | Entered the Ecumenical Temple
  4835 | Temple   | Became a worshipper of Warmaster Okawaru
  5061 | D:6      | Reached XP level 9. HP: 68/68 MP: 13/13
  5255 | D:6      | Reached skill level 1 in Axes
  5342 | D:6      | Found an ancient bone altar of Kikubaaqudgha.
  5342 | D:6      | Found a shadowy altar of Dithmenos.
  5704 | D:7      | Noticed a hippogriff
  5716 | D:7      | Killed a hippogriff
  5716 | D:7      | Reached skill level 5 in Shields
  6164 | D:7      | Found a hide-covered altar of Uskayaw.
  6164 | D:7      | Found a faded altar of an unknown god.
  6169 | D:7      | Found a faded altar of an unknown god.
  6171 | D:7      | Found a radiant altar of Vehumet.
  6172 | D:7      | Found an ornate altar of the Wu Jian Council.
  6331 | D:8      | Found a sand-covered staircase.
  6335 | Ossuary  | Entered an ossuary
  6396 | Ossuary  | Reached * piety under Okawaru
  6701 | D:8      | Noticed a hippogriff
  6716 | D:8      | Killed a hippogriff
  6753 | D:8      | Found Jupnoer's General Store.
  6806 | D:8      | Reached ** piety under Okawaru
  7043 | D:8      | Paralysed by fainting for 7 turns
  7060 | D:8      | Reached XP level 10. HP: 75/76 MP: 5/15
  7490 | D:9      | Reached skill level 5 in Axes
  7787 | D:9      | Reached *** piety under Okawaru
  7842 | D:9      | Noticed a two-headed ogre
  7877 | D:9      | Killed a two-headed ogre
  7984 | D:9      | Reached **** piety under Okawaru
  8034 | D:9      | Reached XP level 11. HP: 70/84 MP: 5/16
  8309 | D:10     | Entered Level 10 of the Dungeon
  8333 | D:10     | Received a gift from Okawaru
  8418 | D:10     | Found a staircase to the Lair.
  8447 | D:10     | Reached skill level 1 in Invocations
  8730 | D:10     | Reached ***** piety under Okawaru
  8962 | D:10     | Found a staircase to the Orcish Mines.
  9603 | Lair:1   | Entered Level 1 of the Lair of Beasts
  9638 | Lair:1   | Was placed under penance by Okawaru
  9972 | D:10     | Noticed a cyclops
  9972 | D:10     | Noticed a frost giant
  9972 | D:10     | Noticed a merfolk impaler
  9975 | D:10     | Killed from afar by a frost giant

Levels and vault maps discovered:
D:1:      dpeg_arrival_rooms_a, layout_rooms, bh_walls_and_bars
D:2:      layout_basic, grunt_temple_overflow_order_and_chaos_2, first_ration
D:3:      layout_basic, chequers_ecumenical_altar_simple_redux, tso_altar,
          uniq_robin
D:4:      layout_cave_pools, serial_shops, kennysheep_mini,
          gammafunk_ghost_stat_death, uniq_edmund
D:5:      layout_loops_corners, uniq_eustachio
D:6:      layout_layer_cave, gammafunk_temple_overflow_statue,
          minmay_temple_entry_slanted
D:7:      layout_loops_ring, chequers_temple_overflow_minitemple, serial_glass,
          glass_columns_b, glass_columns_a, glass_columns_a, glass_columns_c,
          glass_columns_a, glass_columns_c
D:8:      layout_loops_ring, enter_ossuary_5, serial_shops,
          kennysheep_little_box
D:9:      layout_basic
D:10:     layout_loops_corners, david_lair_generic, orc_0_dummy
Temple:   nicolae_temple_no_exploring_needed
Lair:1:   layout_gridlike, serial_bayou_shore_b, lemuel_fruit_fields,
          serial_bayou_shore_b, infiniplex_staircase_pool, uniq_joseph

Skill      XL: |  1  2  3  4  5  6  7  8  9 10 11 |
---------------+----------------------------------+-----
Armour         | 1 2 3 5 6 7 |  7.9
Fighting       | 2 3 4 5 6 7 |  7.3
Shields        | 1 2 3 4 5 6 7 |  7.4
Evocations     | 4 5 6 7 8 |  8.4
Axes           | 4 6 8 |  8.2
Invocations    | 3 |  3.0
Short Blades   | |  1.0
Dodging        | |  2.0
Stealth        | |  1.0

Action                   |  1- 3 |  4- 6 |  7- 9 | 10-12 || total
-------------------------+-------+-------+-------+-------++-------
Melee: Short sword       |    53 |       |       |       ||    53
       Whip              |    59 |   209 |   436 |       ||   704
       Dire flail        |       |       |   205 |   465 ||   670
Throw: Dart              |       |       |       |     2 ||     2
Evoke: Wand              |     4 |     5 |    18 |    26 ||    53
  Use: Scroll            |       |       |     8 |     4 ||    12
       Potion            |       |       |     1 |     3 ||     4
 Stab: Sleeping          |       |     1 |       |       ||     1
       Paralysed         |       |       |       |    23 ||    23
       Distracted        |       |       |       |     1 ||     1
  Eat: Chunk             |     1 |     6 |     7 |    10 ||    24
       Ration            |       |       |     4 |       ||     4
Armor: Leather armour    |    37 |     6 |       |       ||    43
       Chain mail        |       |    81 |   479 |   317 ||   877
       Scale mail        |       |    41 |       |       ||    41
Dodge: Dodged            |    72 |   140 |   243 |   298 ||   753
Block: Buckler           |       |    35 |   109 |       ||   144
